 Dungeon Crawl Stone Soup version 0.31-a0-37-g98a128e1d9 (webtiles) character file.

Game seed: 11670027296724089131

1327 senseless the Insei (level 8, -8/91 HPs)
             Began as a Demonspawn Transmuter on May 15, 2023.
             Was an Elder of Jiyva.
             Killed from afar by Dowan (20 damage)
             ... with a shard of ice
             ... on level 5 of the Dungeon.
             The game lasted 00:12:36 (3250 turns).

senseless the Insei (Demonspawn Transmuter)         Turns: 3250, Time: 00:12:36

Health: -8/91      AC: 24    Str: 13    XL:     8   Next: 34%
Magic:  14/14      EV:  2    Int: 14    God:    Jiyva [****..]
Gold:   203        SH:  0    Dex: 14    Spells: 8/15 levels left

rFire   . .          .
                       - Unarmed
rCold   . . .        (no shield)
rNeg    . . .        a - melded +0 robe
rPois   +            j - melded +0 helmet
rElec   .            (cloak currently unavailable)
rCorr   +            (gloves currently unavailable)
SInv    .            (boots currently unavailable)
Will    .....        (no amulet)
Stlth   +            (no ring)
HPRegen 4.03/turn    (no ring)
MPRegen 0.54/turn

%: no passive effects
@: mighty, tree-form
A: stationary, stasis, torment immunity, boosted hp, (claws 1), demonic guardian
1, powered by pain 2, (talons 1), regeneration 3
a: Renounce Religion, Oozemancy, Slimify


You were on level 5 of the Dungeon.
You worshipped Jiyva.
Jiyva was greatly pleased with you.
You were a tree.
You visited 1 branch of the dungeon, and saw 5 of its levels.

You collected 203 gold pieces.

Inventory:

Hand Weapons
 h - a +1 dagger of venom
 i - a +1 whip of electrocution
 k - a +4 dagger of speed
 n - a +2 war axe of flaming
Armour
 a - a +0 robe (melded)
 j - a +0 helmet (melded)
Potions
 g - a potion of attraction
 l - a potion of invisibility


   Skills:
 + Level 4.3 Fighting
 + Level 4.3 Dodging
 + Level 4.8 Unarmed Combat
 + Level 4.4 Spellcasting
 + Level 4.2 Transmutations
 + Level 2.0 Ice Magic


You had 8 spell levels left.
You knew the following spells:

 Your Spells              Type           Power      Damage    Failure   Level
a - Beastly Appendage     Tmut           30%        N/A       3%          1
b - Wereblood             Tmut           15%        N/A       4%          2
c - Ice Form              Ice/Tmut       11%        N/A       45%         4

Your spell library contained the following spells:

 Spells                   Type           Power      Damage    Failure   Level
 Spider Form              Tmut/Pois      9%         N/A       22%         3
 Ignite Poison            Fire/Tmut/Pois 7%         N/A       30%         3
 Sticky Flame             Conj/Fire      3%         2d3       88%         4
 Ignition                 Fire           1%         3d3       100%        8


Dungeon Overview and Level Annotations

Branches:
Dungeon (5/15)
 Temple: D:4-7

Altars:
Jiyva

Annotations:
D:5 Dowan, Prince Ribbit


Innate Abilities, Weirdness & Mutations

You are a tree.
Your roots penetrate the ground, keeping you stationary.
You cannot be teleported.
You are immune to unholy pain and torment.
Your maximum health is greatly increased.
Your equipment is partially melded.
((You have sharp fingernails.))
A weak demonic guardian rushes to your aid.
You sometimes gain power by taking damage.
((You have sharp toenails.))
You regenerate.


Message History

* * * LOW HITPOINT WARNING * * *
Dowan hits you but does no damage.
The centaur hits you but does no damage.
The centaur kicks you but does no damage.
Your ufetubus hits the centaur but does no damage.
Your ufetubus hits the centaur.
You feel very mighty all of a sudden. The centaur hits you.
* * * LOW HITPOINT WARNING * * *
The centaur kicks you but does no damage.
Your ufetubus hits the centaur.
The centaur dies!
Dowan hits you but does no damage. Duvessa hits you but does no damage.
An iguana comes into view.
You smack Duvessa!
Duvessa is moderately wounded.
Dowan gestures at Duvessa while chanting.
Duvessa seems to speed up.
Duvessa hits you with a +0 rapier.
* * * LOW HITPOINT WARNING * * *
Your ufetubus hits Duvessa.
Your ufetubus hits Duvessa but does no damage.
You pummel Duvessa!!
Duvessa is almost dead.
Duvessa hits you with a +0 rapier.
* * * LOW HITPOINT WARNING * * *
Your ufetubus closely misses Duvessa.
Your ufetubus barely misses Duvessa.
Dowan hits you but does no damage.
Unknown command.
You hit Duvessa. You punch Duvessa.
You kill Duvessa!
Dowan screams, "No!
Oh no!"
Dowan seems to find hidden reserves of power!
Dowan hits you but does no damage.
Your ufetubus hits Dowan. x2
Your Ice Magic skill increases to level 2!
Unknown command.
You pummel Dowan!!
Dowan is almost dead.
Dowan points at you and mumbles some strange words.
The shard of ice hits you!!
You die...

§.. !..#
####+####..#
.......'..#
♣...♣.#..#
♣._.♣.#..#
##.♣...♣5#.[#
.'.....)♣el<#
.####'####..#
.. #..# ..#
#†## .. #.# .
#.# #.# #.#
#.#


You could see Dowan (fast, ally target), an iguana and a friendly ufetubus
(summoned).

Vanquished Creatures
  Grinder (D:4)
  Sigmund (D:3)
  Eustachio (D:4)
  Menkaure (D:4)
  Duvessa (D:5)
  2 ogres (D:4)
  A scorpion (D:4)
  2 orc priests (D:5)
  2 hounds
  A gnoll bouda (D:4)
  An iguana (D:4)
  An orc wizard (D:5)
  Robin (D:4)
  7 gnolls
  5 adders
  A white imp (D:5)
  3 dart slugs (D:1)
  8 orcs
  A giant cockroach (D:3)
  11 goblins
  14 hobgoblins
  5 quokkas
  5 ball pythons
  6 bats
  3 frilled lizards
  5 kobolds
  7 rats
97 creatures vanquished.

Vanquished Creatures (collateral kills)
  A centaur (D:5)
1 creature vanquished.

Vanquished Creatures (others)
  3 jellies (D:4)
  A hound (D:4)
  2 gnolls (D:3)
  An endoplasm (D:3)
  A goblin (D:3)
  A kobold (D:2)
  A bat (D:1)
10 creatures vanquished.

Grand Total: 108 creatures vanquished

Notes
Turn   | Place    | Note
-------+----------+-------------------------------------------
     0 | D:1      | senseless the Demonspawn Transmuter began the quest for the
                  | Orb.
     0 | D:1      | Reached XP level 1. HP: 15/15 MP: 3/3
   122 | D:1      | Gained mutation: You sometimes gain a little power by
                  | taking damage. [demonic ancestry]
   122 | D:1      | Reached XP level 2. HP: 19/21 MP: 5/5
   159 | D:1      | Found a faded altar of an unknown god.
   174 | D:1      | Prayed at the altar of an unknown god.
   174 | D:1      | Became a worshipper of Jiyva Jyschofi the Shapeless
   174 | D:1      | Reached * piety under Jiyva
   571 | D:2      | Reached XP level 3. HP: 26/26 MP: 6/6
   610 | D:2      | Reached ** piety under Jiyva
  1008 | D:2      | Reached *** piety under Jiyva
  1412 | D:3      | Noticed Sigmund
  1428 | D:3      | Killed Sigmund
  1429 | D:3      | Reached XP level 4. HP: 6/34 MP: 3/8
  1429 | D:3      | Gained mutation: You have sharp fingernails. [demonic
                  | ancestry]
  1429 | D:3      | Reached XP level 5. HP: 7/39 MP: 3/9
  2027 | D:3      | Gained mutation: Your natural rate of healing is unusually
                  | fast. [Jiyva's grace]
  2027 | D:3      | Gained mutation: You heal very quickly. [Jiyva's grace]
  2027 | D:3      | Gained mutation: You regenerate. [Jiyva's grace]
  2027 | D:3      | Gained mutation: You have sharp toenails. [Jiyva's grace]
  2294 | D:4      | Gained mutation: A weak demonic guardian rushes to your
                  | aid. [demonic ancestry]
  2294 | D:4      | Reached XP level 6. HP: 24/46 MP: 10/10
  2312 | D:4      | Reached **** piety under Jiyva
  2320 | D:4      | Noticed Eustachio
  2382 | D:4      | Noticed Grinder
  2382 | D:4      | Paralysed by Grinder for 4 turns
  2511 | D:4      | Killed Grinder
  2512 | D:4      | Reached XP level 7. HP: 49/52 MP: 12/12
  2589 | D:4      | Noticed Robin
  2605 | D:4      | Killed Robin
  2749 | D:4      | Learned a level 2 spell: Wereblood
  2754 | D:4      | Learned a level 4 spell: Ice Form
  2852 | D:4      | Noticed Menkaure
  2858 | D:4      | Killed Eustachio
  2884 | D:4      | Killed Menkaure
  2885 | D:4      | Reached skill level 1 in Ice Magic
  2886 | D:4      | Gained mutation: You sometimes gain power by taking damage.
                  | [demonic ancestry]
  2886 | D:4      | Reached XP level 8. HP: 36/60 MP: 14/14
  3128 | D:5      | Entered Level 5 of the Dungeon
  3211 | D:5      | Noticed Prince Ribbit
  3229 | D:5      | Noticed Dowan
  3237 | D:5      | Noticed Duvessa
  3244 | D:5      | HP: 2/60 [constriction (3)]
  3249 | D:5      | Killed Duvessa
  3250 | D:5      | Killed from afar by Dowan

Illustrated notes

Levels and vault maps discovered:
D:1:      saegor_arrival_simple_e, layout_rooms,
          chequers_ecumenical_altar_simple
D:2:      layout_basic
D:3:      layout_basic, corexii_leaking_fountain, uniq_sigmund
D:4:      layout_rooms, st_stairs_3, minmay_misc_feat_pillars, uniq_robin,
          uniq_eustachio, uniq_grinder, uniq_menkaure
D:5:      layout_basic, tgw_xom, mainiacjoe_overflow_six_doors_small,
          uniq_prince_ribbit1, uniq_duvessa

Skill      XL: |  1  2  3  4  5  6  7  8 |
---------------+-------------------------+-----
Transmutations | 2 3 4 |  4.2
Dodging        | 2 3 4 |  4.3
Unarmed Combat | 3 4 |  4.8
Fighting       | 2 3 4 |  4.3
Spellcasting   | 3 4 |  4.4
Ice Magic      | 1 2 |  2.0

Action                     |  1- 3 |  4- 6 |  7- 9 || total
---------------------------+-------+-------+-------++-------
  Melee: Unarmed           |    75 |    71 |   141 ||   287
         Kick              |    19 |    20 |    40 ||    79
         Headbutt          |    12 |    11 |    25 ||    48
         Punch             |     1 |     1 |     8 ||    10
   Cast: Beastly Appendage |    22 |    12 |    13 ||    47
         Wereblood         |       |       |     2 ||     2
 Invoke: Oozemancy         |     1 |       |       ||     1
    Use: Potion            |     1 |     2 |     2 ||     5
         Scroll            |       |       |     5 ||     5
   Stab: Distracted        |       |     2 |       ||     2
 Armour: Robe              |    11 |     8 |    15 ||    34
         Skin              |       |       |     8 ||     8
  Dodge: Dodged            |    46 |    50 |   127 ||   223

Table legend: (Time is in decaauts)
 A = Elapsed time spent in this place.
 B = Non-inter-level travel time spent in this place.
 C = Inter-level travel time spent in this place.
 D = Time resting spent in this place.
 E = Time spent auto-exploring this place.
 F = Levels seen in this place.
 G = Mean time per level.
                   A        B        C        D        E       F      G
               +--------+--------+--------+--------+--------+-----+--------+
         Total |   3216 |   2971 |    245 |    240 |   2061 |   5 |  643.2 |
       Dungeon |   3216 |   2971 |    245 |    240 |   2061 |   5 |  643.2 |
               +--------+--------+--------+--------+--------+-----+--------+

Top non-repeatable levels by time:
     D:3: 1010 daAuts
     D:2: 832 daAuts
     D:4: 696 daAuts
     D:1: 559 daAuts
     D:5: 118 daAuts
